 Dungeon Crawl Stone Soup version 0.22.1-1-ga44c0e56f4 (webtiles) character file.

108 Freyura the Cudgeler (level 4, 0/27 HPs)
             Began as a Gargoyle Gladiator on Oct 19, 2018.
             Slain by Natasha (1 damage)
             ... on level 3 of the Dungeon.
             The game lasted 00:07:12 (1630 turns).

Freyura the Cudgeler (Gargoyle Gladiator)           Turns: 1630, Time: 00:07:13

Health: 0/27       AC: 10    Str: 18    XL:     4   Next: 87%
Magic:  4/4        EV:  9    Int:  8    God:
Gold:   133        SH:  7    Dex: 12    Spells: 3/3 levels left

rFire    . . .     SeeInvis .   a - +0 flail
rCold    + . .     Gourm    .   r - +0 shield
rNeg     + . .     Faith    .   b - +0 leather armour
rPois    ∞         Spirit   .   c - +2 helmet
rElec    +         Reflect  .   (no cloak)
rCorr    .         Harm     .   e - +0 pair of gloves
MR       .....                  (no boots)
Stlth    +.........             (no amulet)
HPRegen  0.09/turn              l - ring of flight
MPRegen  0.09/turn              q - ring of protection from cold

@: slowed, very slow
A: mutation resistance 1, negative energy resistance 1, electricity resistance,
unbreathing, petrification resistance, rot immunity, sturdy frame 1, AC +3
a: Evoke Flight


You were on level 3 of the Dungeon.
You were not hungry.

You visited 1 branch of the dungeon, and saw 3 of its levels.

You collected 133 gold pieces.

Inventory:

Hand Weapons
 a - a +0 flail (weapon)
Missiles
 d - 3 throwing nets (quivered)
Armour
 b - a +0 leather armour (worn)
 c - a +2 helmet (worn)
 e - a +0 pair of gloves (worn)
 r - a +0 shield (worn)
Jewellery
 l - a ring of flight (left hand)
 q - a ring of protection from cold (right hand)
Scrolls
 g - a scroll of fog {unknown}
 i - a scroll of teleportation
 j - a scroll of identify
 n - 2 scrolls of remove curse
 p - a scroll of enchant armour
Potions
 h - a potion of curing
Comestibles
 f - 3 rations


   Skills:
 + Level 2.7 Fighting
 * Level 4.8 Maces & Flails
 - Level 1.7 Throwing
 * Level 1.5 Armour
 - Level 2.4 Dodging
 * Level 0.2 Shields


You had 3 spell levels left.
You didn't know any spells.
Your spell library was empty.

Dungeon Overview and Level Annotations

Branches:
Dungeon (3/15)

Altars:
Trog

Annotations:
D:3 Natasha


Innate Abilities, Weirdness & Mutations

You are resistant to torment.
Your stone body is resilient. (AC +3)
You are immune to poison.
You resist negative energy. (rN+)
You are resistant to electric shocks. (rElec)
You can survive without breathing.
You are immune to petrification.
You are immune to rotting.
You are somewhat resistant to further mutation.
Your movements are slightly less encumbered by armour. (ER -2)


Message History

Natasha stares at you and mumbles some strange words.
The magic dart hits you!
* * * LOW HITPOINT WARNING * * *
You barely miss Natasha.
Natasha is almost dead.
The bat barely misses you. The white imp barely misses you.
Natasha claws you but does no damage.
The white imp hits you but does no damage.
Natasha wildly gestures.
You feel disoriented. Natasha claws you but does no damage.
You miss Natasha.
Natasha is severely wounded.
You block the bat's attack. The white imp closely misses you.
Natasha misses you. The white imp hits you.
* * * LOW HITPOINT WARNING * * *
The white imp freezes you. You resist.
* * * LOW HITPOINT WARNING * * *
Natasha claws you.
You die...

#. ###. ... #.###
#####...################
............[...........
#####..h################
......5@...#############
.##...............<...##
....#...##.##########_##
.#.b..... ... #.##
...#....( .... #.## .#
....... ### #.##
..#...#. #[## ##.#####..
##.## ##.[[#


You could see Natasha, a white imp and a bat.

Vanquished Creatures
  Jessica (D:2)
  An orc wizard (D:3)
  An adder (D:2)
  A dart slug (D:2)
  2 orcs (D:3)
  3 bats (D:1)
  6 goblins
  A hobgoblin (D:2)
  10 jackals
  6 kobolds
  3 frilled lizards (D:1)
  6 rats
41 creatures vanquished.

Vanquished Creatures (others)
  4 toadstools (D:1)
4 creatures vanquished.

Grand Total: 45 creatures vanquished

Notes
Turn   | Place    | Note
-------+----------+-------------------------------------------
     0 | D:1      | Freyura the Gargoyle Gladiator began the quest for the Orb.
     0 | D:1      | Reached XP level 1. HP: 12/12 MP: 1/1
    46 | D:1      | Reached XP level 2. HP: 17/17 MP: 2/2
   458 | D:1      | Reached XP level 3. HP: 22/22 MP: 3/3
   679 | D:2      | Reached skill level 1 in Armour
   684 | D:2      | Noticed Jessica
   694 | D:2      | Killed Jessica
   694 | D:2      | Reached skill level 4 in Maces & Flails
   718 | D:2      | Reached XP level 4. HP: 27/27 MP: 4/4
  1001 | D:2      | Gained mutation: Your movements are slightly less
                  | encumbered by armour. (ER -2) [potion of mutation]
  1001 | D:2      | Gained mutation: You are somewhat resistant to further
                  | mutation. [potion of mutation]
  1043 | D:3      | Found a bloodstained altar of Trog.
  1607 | D:3      | Noticed Natasha
  1630 | D:3      | HP: 1/27 [white imp[Natasha] (1)]
  1630 | D:3      | Slain by Natasha

Skill      XL: |  1  2  3 |
---------------+----------+-----
Armour         | 1 |  1.5
Maces & Flails | 4 |  4.8
Fighting       | |  2.7
Throwing       | |  1.7
Dodging        | |  2.4
Shields        | |  0.2

Action                   |  1- 3 |  4- 6 || total
-------------------------+-------+-------++-------
Melee: Flail             |    84 |    77 ||   161
  Use: Scroll            |     5 |     2 ||     7
       Potion            |     1 |     3 ||     4
  Eat: Ration            |       |     1 ||     1
Armor: Leather armour    |    37 |    45 ||    82
Dodge: Dodged            |    54 |    50 ||   104
Block: Shield            |       |    25 ||    25
